 Dungeon Crawl Stone Soup version 0.19.1-1-g22dce08 (console) character file.

109640 Grinner the Imperceptible (level 17, 0/84 HPs)
             Began as a Kobold Assassin on Jan 15, 2017.
             Was a High Priest of Ashenzari.
             Succumbed to an emperor scorpion's poison
             ... on level 2 of the Spider Nest on Jan 16, 2017.
             The game lasted 04:50:26 (30863 turns).

Grinner the Imperceptible (Kobold Assassin)        Turns: 30863, Time: 04:50:26

Health: 0/84       AC: 18    Str:  7    XL:     17   Next: 7%
Magic:  4/22       EV: 27    Int: 10    God:    Ashenzari [*****.]
Gold:   1414       SH: 13    Dex: 24    Spells: 6 memorised, 8 levels left

rFire  + . .     SeeInvis +     J - +5 rapier (elec)
rCold  + + .     Gourm    .     V - +4 troll leather armour (curse)
rNeg   + . .     Faith    .     Z - +2 shield of the Stars {rElec rC+ rCorr Int-2}
rPois  .         Spirit   +     Q - +0 hat of Analysis {rF+ rN+ Str-4 Dex+3} (curse)
rElec  +         Reflect  .     c - +0 cloak
rCorr  +         Harm     .     N - +0 pair of gloves
MR     +....     Clarity  +     m - +0 pair of boots
Stlth  +++++++++.               r - amulet of guardian spirit (curse)
                                t - +5 ring of protection (curse)
                                D - ring of stealth (curse)

@: lethally poisoned (0 -> -9), exhausted, slowed, studying Ice Magic, very slow
A: horns 1, iridescent scales 1, carnivore 3, cold resistance 1, sturdy frame 1
a: Curse Item, Scrying, Transfer Knowledge, Renounce Religion


You were on level 2 of the Spider Nest.
You worshipped Ashenzari.
Ashenzari was extremely pleased with you.
You were full.

You visited 6 branches of the dungeon, and saw 24 of its levels.
You also visited: Labyrinth and Ice Cave.

You collected 2208 gold pieces.
You spent 794 gold pieces at shops.

Inventory:

Hand Weapons
 a - a +2 dagger of venom
 q - a +2 dagger of chaos
 J - a +5 rapier of electrocution (weapon)
Armour
 c - a +0 cloak (worn)
 m - a +0 pair of boots (worn)
 N - a +0 pair of gloves (worn)
 Q - the cursed +0 hat of Analysis (worn) {rF+ rN+ Str-4 Dex+3}
   (You found it in an ice cave)

   It affects your strength (-4).
   It affects your dexterity (+3).
   It protects you from fire.
   It protects you from negative energy.
   It has a curse placed upon it.
 V - a cursed +4 troll leather armour (worn)
 Z - the +2 shield of the Stars (worn) {rElec rC+ rCorr Int-2}
   (You bought it in a shop on level 2 of the Orcish Mines)

   It affects your intelligence (-2).
   It protects you from cold.
   It insulates you from electricity.
   It protects you from acid and corrosion.
Rods
 X - a +8 lightning rod (15/15)
   (You found it in a labyrinth)
Jewellery
 d - an uncursed ring of poison resistance
 i - an uncursed ring of resist corrosion
 r - a cursed amulet of guardian spirit (around neck)
 t - a cursed +5 ring of protection (right hand)
 w - a cursed ring of teleportation
 D - a cursed ring of stealth (left hand)
Wands
 j - a wand of lightning (12/15)
 l - a wand of confusion (16/48)
 n - a wand of digging (7/24)
 E - a wand of iceblast (7/15)
 F - a wand of confusion (23/48)
 L - a wand of confusion (27/48)
 S - a wand of iceblast (2/15)
 T - a wand of random effects (9/48)
 Y - a wand of acid (2/15)
Scrolls
 f - a scroll of silence
 p - a scroll of recharging
 y - 2 scrolls of holy word
 O - 2 scrolls of amnesia
 U - a scroll of immolation
 W - a scroll of enchant armour
Potions
 o - 4 potions of flight
 v - a potion of might
 x - 2 potions of brilliance
 C - 2 potions of cancellation
 G - 3 potions of magic
 K - a potion of agility
Books
 k - a manual of Ice Magic
 B - a Fen Folio

   Spells                             Type                      Level
   a - Corpse Rot                     Necromancy                   2
   b - Stone Arrow                    Conjuration/Earth            3
   c - Leda's Liquefaction            Hexes/Earth                  4
   d - Summon Forest                  Summoning/Translocation      5
   e - Hydra Form                     Transmutation                6
   f - Summon Hydra                   Summoning                    7
 P - a manual of Ice Magic
Miscellaneous
 H - a phial of floods
Comestibles
 g - 8 meat rations
 s - 6 beef jerkies
 u - 2 royal jellies
 z - 5 slices of pizza


   Skills:
 - Level 2.1 Fighting
 - Level 16.0 Short Blades
   Level 1.0(7.1) Long Blades
 - Level 2.1 Throwing
 - Level 2.1 Armour
 - Level 14.0 Dodging
 * Level 23.6 Stealth
 * Level 6.4 Shields
 - Level 3.0 Unarmed Combat
 - Level 2.3 Spellcasting
 - Level 4.0(7.7) Hexes
 + Level 1.4(4.0) Summonings
 - Level 2.4(5.6) Translocations
 - Level 1.0(3.2) Transmutations
 - Level 10.7(14.4) Ice Magic
 - Level 1.0(3.2) Earth Magic
 - Level 7.3(11.3) Evocations


You had 8 spell levels left.
You knew the following spells:

 Your Spells              Type           Power        Failure   Level  Hunger
a - Ozocubu's Armour      Chrm/Ice       ###.....     17%         3    ####...
b - Summon Ice Beast      Ice/Summ       ###.....     34%         4    #####..
c - Freeze                Ice            ####         1%          1    ##.....
p - Passwall              Tmut/Erth      #.........   61%         2    ###....
x - Confusing Touch       Hex            ###...       8%          1    ##.....
z - Apportation           Tloc           ##........   14%         1    ##.....


Dungeon Overview and Level Annotations

Branches:
Dungeon (12/15)            Temple (1/1) D:7            Lair (6/6) D:8
  Swamp (1/4) Lair:4       Spider (2/4) Lair:3        Slime (0/5) Lair:6
    Orc (2/2) D:9             Elf (0/3) Orc:2

Altars:
Ashenzari
Cheibriados
Dithmenos
Elyvilon
Fedhas
Gozag
Hepliaklqana
Kikubaaqudgha
Makhleb
Nemelex Xobeh
Okawaru
Qazlal
Ru
Sif Muna
Trog
Uskayaw
Vehumet
Xom
Yredelemnul
Zin
The Shining One
Jiyva

Shops:
D:5 =   Orc:2 *[:*(

Portals:
Trove: D:11 (give 8 potions of haste)


Innate Abilities, Weirdness & Mutations

You are small and have problems with some larger weapons.
You are carnivorous and can eat meat at any time.
You have a pair of small horns on your head.
You are partially covered in iridescent scales. (AC +2)
Your flesh is cold resistant. (rC+)
Your movements are slightly less encumbered by armour. (ER -2)


Message History

The emperor scorpion completely misses you.
You hit the emperor scorpion but do no damage.
There is a sudden explosion of sparks!
Your headbutt misses the emperor scorpion.
The emperor scorpion is almost dead.
* * * LOW HITPOINT WARNING * * *
You feel sick.
Unknown command.
You puncture the emperor scorpion!
There is a sudden explosion of sparks!
You kill the emperor scorpion!
* * * LOW HITPOINT WARNING * * *
You feel sick.
You are too berserk!
You are too berserk!
You start eating one of the 2 royal jellies.
You are no longer berserk.
You are exhausted.
You feel yourself slow down.
Keep eating?
You die...

#...#....## ######
#.......## ###.....
####.....## ##....<..
###.##...^.####^..#.#..
##........#..##..^#.....
#.^#...........^..#.....
#...#..#.......^..#..#..
#.^................#...^
#.....†@†...#..##|.#....
#....#..^.##....#..#....
#..........#.##...#..?#.
##............#...^.....
##.....#.............#..
#..............#....####
#..............##.#..# #
#......#.............##
#...#^................##


There were no monsters in sight!

Vanquished Creatures
  Nikola (Spider:2)
  Rupert (Lair:4)
  Agnes (Spider:1)
  A ghost moth (Spider:1)
  2 emperor scorpions (Spider:2)
  A minotaur (Lab)
  Fannar (D:8)
  An ogre mage (Orc:2)
  4 hydras
  3 catoblepae (Lair:6)
  Erica (D:11)
  13 death yaks
  5 orc high priests (Orc:2)
  A fire crab (Lair:6)
  A deep troll (Orc:2)
  A spriggan druid (Lair:3)
  4 hill giants
  A necromancer (IceCv)
  14 orc knights (Orc:2)
  6 orc sorcerers (Orc:2)
  8 orb spiders
  2 ugly things
  A manticore (D:11)
  2 cyclopes
  17 wolf spiders
  2 slime creatures (D:10)
  6 black mambas
  12 elephants
  Psyche (D:11)
  3 torpor snails
  13 spiny frogs
  5 rime drakes
  5 komodo dragons
  10 freezing wraiths (IceCv)
  2 two-headed ogres
  13 jumping spiders
  2 hornets
  4 trolls
  29 blink frogs
  8 hippogriffs
  Sigmund (D:2)
  19 tarantellas
  A wraith (D:11)
  A human (D:8)
  4 hogs (D:8)
  2 basilisks
  Grum (D:11)
  30 redbacks
  32 yaks
  3 wyverns
  Edmund (D:6)
  3 wargs (Orc:2)
  6 water moccasins
  6 porcupines
  28 orc warriors
  8 ice beasts
  6 black bears
  An alligator simulacrum (IceCv)
  A sky beast (D:5)
  13 ogres
  3 phantoms
  5 centaurs
  12 wolves
  10 crocodiles
  A necrophage (D:3)
  5 big kobolds
  Blork the orc (D:5)
  13 bullfrogs
  7 gnoll sergeants
  3 jellies
  3 scorpions
  15 killer bees
  An elephant simulacrum (IceCv)
  A vampire bat (Lair:5)
  14 wights
  2 howler monkeys
  4 crimson imps
  A quasit (D:6)
  3 draconian simulacra (IceCv)
  A gnoll shaman (D:8)
  6 hounds
  12 orc priests
  4 bullfrog skeletons
  Jessica (D:2)
  A centaur skeleton (D:5)
  5 iguanas
  26 orc wizards
  5 worker ants
  2 polar bear simulacra (IceCv)
  3 spriggan simulacra (IceCv)
  3 troll simulacra (IceCv)
  3 centaur simulacra (IceCv)
  3 worker ant zombies
  12 adders
  22 gnolls
  4 naga simulacra (IceCv)
  4 ogre simulacra (IceCv)
  A shadow imp (D:11)
  12 white imps (IceCv)
  4 oozes
  An adder zombie (D:7)
  An adder skeleton (D:4)
  2 worms (D:2)
  8 leopard geckos
  71 orcs
  2 giant cockroaches (D:7)
  5 goblins
  9 hobgoblins
  5 jackals
  4 quokkas
  2 ball pythons
  10 bats
  6 frilled lizards
  23 kobolds
  A leopard gecko skeleton (D:4)
  A quokka skeleton (D:9)
  A quokka zombie (D:8)
  4 rats
  A fungus (Lair:6)
  A plant (Lair:4)
771 creatures vanquished.

Vanquished Creatures (collateral kills)
  An orc warlord (Orc:1)
  A hydra (Lair:6)
  A troll (Orc:1)
  A tarantella (Spider:1)
  3 orc warriors (Orc:1)
  A jelly (D:10)
8 creatures vanquished.

Vanquished Creatures (others)
  A redback (Spider:1)
  A bat (D:1)
  A bush (Lair:5)
  18 fungi
  18 plants
39 creatures vanquished.

Grand Total: 818 creatures vanquished

Notes
Turn   | Place    | Note
-------+----------+-------------------------------------------
     0 | D:1      | Grinner the Kobold Assassin began the quest for the Orb.
     0 | D:1      | Reached XP level 1. HP: 12/12 MP: 1/1
   153 | D:1      | Reached XP level 2. HP: 17/17 MP: 2/2
   672 | D:2      | Reached XP level 3. HP: 21/21 MP: 3/3
   684 | D:2      | Noticed Jessica
   697 | D:2      | Killed Jessica
   697 | D:2      | Reached skill level 6 in Stealth
   712 | D:2      | Reached XP level 4. HP: 26/26 MP: 4/4
   990 | D:2      | Reached XP level 5. HP: 23/30 MP: 2/5
  1277 | D:2      | Noticed Sigmund
  1296 | D:2      | Killed Sigmund
  1296 | D:2      | Reached skill level 8 in Stealth
  1296 | D:2      | Reached XP level 6. HP: 35/35 MP: 6/6
  1499 | D:2      | Reached skill level 5 in Short Blades
  1594 | D:3      | Reached XP level 7. HP: 30/40 MP: 7/7
  1870 | D:4      | Found a burning altar of Makhleb.
  1875 | D:4      | Reached skill level 9 in Stealth
  2121 | D:4      | Reached skill level 5 in Dodging
  2125 | D:4      | Reached XP level 8. HP: 34/44 MP: 5/8
  2692 | D:5      | Entered Level 5 of the Dungeon
  2840 | D:5      | Reached skill level 10 in Stealth
  2907 | D:5      | Found Zymaovo's Jewellery Shop.
  3015 | D:5      | Noticed Blork the orc
  3030 | D:5      | Killed Blork the orc
  3036 | D:5      | Gained mutation: You are somewhat resistant to further mutation. [mutagenic meat]
  3037 | D:5      | Gained mutation: Scrolls take you a little longer to read. [mutagenic meat]
  4044 | D:4      | Reached skill level 11 in Stealth
  4777 | D:6      | Reached XP level 9. HP: 48/48 MP: 9/9
  4994 | D:6      | Noticed Edmund
  5016 | D:6      | Killed Edmund
  5016 | D:6      | Reached skill level 12 in Stealth
  5527 | D:7      | Found a staircase to the Ecumenical Temple.
  5649 | D:7      | Reached skill level 13 in Stealth
  5895 | D:5      | Bought an uncursed ring of stealth for 210 gold pieces
  6020 | D:7      | Found a stormy altar of Qazlal.
  6055 | D:7      | Reached XP level 10. HP: 45/53 MP: 10/10
  6715 | Temple   | Entered the Ecumenical Temple
  6883 | Temple   | Became a worshipper of Ashenzari the Shackled
  7207 | D:8      | Found a staircase to the Lair.
  7214 | D:8      | Reached skill level 14 in Stealth
  7590 | D:8      | Reached * piety under Ashenzari
  7676 | D:8      | Noticed a hill giant
  7722 | D:8      | Killed a hill giant
  8076 | D:8      | Reached skill level 10 in Short Blades
  8077 | D:8      | Reached skill level 15 in Stealth
  8558 | Lair:1   | Entered Level 1 of the Lair of Beasts
  8559 | Lair:1   | Noticed Fannar
  8627 | D:8      | Killed Fannar
  8627 | D:8      | Reached XP level 11. HP: 25/57 MP: 5/11
  8850 | Lair:1   | Reached skill level 16 in Stealth
  8883 | Lair:1   | Reached skill level 10 in Dodging
  9517 | Lair:2   | Found a frozen archway.
  9526 | IceCv    | Entered an ice cave
  9979 | IceCv    | Reached skill level 17 in Stealth
  9998 | IceCv    | Reached skill level 1 in Evocations
 10458 | IceCv    | Reached XP level 12. HP: 59/62 MP: 12/14
 10622 | IceCv    | Got the cursed hat of Analysis {rF+ rN+ Str-4 Dex+3}
 10628 | IceCv    | Identified the cursed +0 hat of Analysis {rF+ rN+ Str-4 Dex+3} (You found it in an ice cave)
 10882 | IceCv    | Found an ancient bone altar of Kikubaaqudgha.
 10995 | IceCv    | HP: 1/62 [troll simulacrum (5)]
 11884 | Lair:2   | Reached skill level 18 in Stealth
 12324 | Lair:3   | Found a hole to the Spider Nest.
 12362 | Spider:1 | Entered Level 1 of the Spider Nest
 13017 | D:9      | Reached ** piety under Ashenzari
 13187 | D:9      | Found a hide-covered altar of Uskayaw.
 13187 | D:9      | Found a shadowy altar of Dithmenos.
 13192 | D:9      | Found a faded altar of an unknown god.
 13194 | D:9      | Found a shimmering altar of Xom.
 13196 | D:9      | Found a sacrificial altar of Ru.
 13229 | D:9      | Found a staircase to the Orcish Mines.
 13267 | D:9      | Reached skill level 1 in Ice Magic
 13888 | D:9      | Reached skill level 5 in Evocations
 14345 | D:9      | Noticed a six-headed hydra
 14433 | D:9      | Lost mutation: You are somewhat resistant to further mutation. [potion of cure mutation]
 14433 | D:9      | Lost mutation: Scrolls take you a little longer to read. [potion of cure mutation]
 14439 | D:9      | Killed a six-headed hydra
 14764 | Orc:1    | Entered Level 1 of the Orcish Mines
 14813 | Orc:1    | Reached XP level 13. HP: 44/66 MP: 13/17
 14956 | Orc:1    | Noticed an orc warlord
 15045 | D:9      | Found a bloodstained altar of Trog.
 15305 | D:10     | Entered Level 10 of the Dungeon
 15436 | Lair:2   | Reached skill level 19 in Stealth
 16120 | Lair:4   | Found a labyrinth entrance.
 16128 | Lab      | Entered a labyrinth
 16970 | Lab      | Noticed a minotaur
 16975 | Lab      | Killed a minotaur
 16977 | Lab      | Identified the Almanac of Enthralling Black Secrets
 16981 | Lab      | Learned a level 1 spell: Apportation
 17099 | Lair:4   | Found a staircase to the Swamp.
 17100 | Lair:4   | Noticed a five-headed hydra
 17225 | Lair:4   | Noticed a seven-headed hydra
 17245 | Lair:4   | Killed a seven-headed hydra
 17319 | Lair:4   | Killed a five-headed hydra
 17319 | Lair:4   | Reached skill level 5 in Ice Magic
 17520 | Lair:4   | Noticed a five-headed hydra
 17528 | Lair:4   | Killed a five-headed hydra
 18188 | Lair:4   | Reached skill level 20 in Stealth
 18205 | Lair:4   | Reached *** piety under Ashenzari
 18318 | Lair:4   | Noticed Rupert
 18326 | Lair:4   | Killed Rupert
 18326 | Lair:4   | Reached skill level 1 in Spellcasting
 18326 | Lair:4   | Reached skill level 1 in Translocations
 18838 | Lair:5   | Learned a level 1 spell: Confusing Touch
 18984 | Lair:5   | Reached XP level 14. HP: 69/72 MP: 15/19
 19586 | Lair:5   | Reached skill level 1 in Hexes
 19738 | Lair:6   | Entered Level 6 of the Lair of Beasts
 19870 | Lair:6   | Learned a level 2 spell: Passwall
 20262 | Lair:6   | Reached skill level 21 in Stealth
 20399 | Lair:6   | Found a staircase to the Slime Pits.
 21368 | Lair:6   | Found a viscous altar of Jiyva.
 22205 | Lair:6   | Reached skill level 1 in Earth Magic
 22215 | Lair:6   | Reached skill level 1 in Transmutations
 22323 | Lair:6   | Reached XP level 15. HP: 67/76 MP: 15/20
 22451 | Lair:6   | Reached skill level 1 in Unarmed Combat
 22703 | Lair:6   | Identified the ring "Fezepru" {Str+3 Stlth-}
 22743 | Lair:6   | Learned a level 4 spell: Summon Ice Beast
 22972 | Swamp:1  | Entered Level 1 of the Swamp
 23216 | Orc:1    | Killed an orc warlord
 23392 | Orc:2    | Entered Level 2 of the Orcish Mines
 23547 | Orc:2    | Found a burning altar of Makhleb.
 23621 | Orc:2    | Found a staircase to the Elven Halls.
 23924 | Orc:2    | Reached **** piety under Ashenzari
 23998 | Orc:2    | Reached skill level 10 in Ice Magic
 24134 | Orc:2    | Reached skill level 22 in Stealth
 24833 | Orc:2    | Reached skill level 1 in Long Blades
 25043 | Orc:2    | Reached skill level 15 in Short Blades
 25315 | Orc:2    | Reached skill level 1 in Armour
 25433 | Orc:2    | Found Atyfyalo's Weapon Emporium.
 25476 | Orc:2    | Found Ubbed's Book Shop.
 25479 | Orc:2    | Found Gautuq's Armour Emporium.
 25480 | Orc:2    | Found Otom's General Store.
 25507 | Orc:2    | Bought a +0 pair of gloves for 67 gold pieces
 25529 | Orc:2    | Bought the +2 shield of the Stars {rElec rC+ rCorr Int-2} for 442 gold pieces
 25766 | Orc:2    | Found Rastiest's General Store.
 25774 | Orc:2    | Bought a potion of berserk rage for 75 gold pieces
 25923 | Orc:1    | Reached skill level 1 in Shields
 26263 | D:10     | Found an opulent altar of Gozag.
 26500 | D:10     | Reached XP level 16. HP: 51/80 MP: 16/21
 26539 | D:10     | Gained mutation: Your flesh is cold resistant. (rC+) [mutagenic meat]
 26601 | D:10     | Learned a level 1 spell: Freeze
 26607 | D:10     | Learned a level 3 spell: Ozocubu's Armour
 27099 | D:11     | Noticed Grum
 27109 | D:11     | Killed Grum
 27216 | D:11     | Found a portal to a secret trove of treasure.
 27453 | D:11     | Noticed Psyche
 27465 | D:11     | Killed Psyche
 27562 | D:11     | Noticed Erica
 27569 | D:11     | Killed Erica
 28857 | Spider:1 | Reached skill level 23 in Stealth
 28904 | Spider:1 | Reached ***** piety under Ashenzari
 29173 | Spider:1 | Noticed Agnes
 29216 | Spider:1 | Killed Agnes
 29820 | Spider:2 | Reached skill level 5 in Shields
 30263 | Spider:2 | Noticed Nikola
 30270 | Spider:2 | Killed Nikola
 30410 | Spider:2 | Reached XP level 17. HP: 84/84 MP: 22/22
 30411 | Spider:2 | Reached skill level 1 in Summonings
 30458 | Spider:2 | Gained mutation: Your movements are slightly less encumbered by armour. (ER -2) [potion of mutation]
 30458 | Spider:2 | Gained mutation: You are partially covered in iridescent scales. (AC +2) [potion of mutation]
 30458 | Spider:2 | Gained mutation: You have a pair of small horns on your head. [potion of mutation]
 30858 | Spider:2 | HP: 4/126 [emperor scorpion (5)]
 30862 | Spider:2 | HP: 1/126 [poisoned by an emperor scorpion]
 30863 | Spider:2 | Succumbed to an emperor scorpion's poison

Skill      XL: |  1  2  3  4  5  6  7  8  9 10 11 12 13 14 15 16 17 |
---------------+----------------------------------------------------+-----
Short Blades   | 3 4 5 6 7 9 10 11 12 13 14 15 16 | 16.0
Dodging        | 2 3 4 5 6 7 9 10 11 12 13 14 | 14.0
Stealth        | 6 8 9 11 13 15 17 18 20 21 22 23 | 23.6
Evocations     | 2 5 7 |  7.3
Ice Magic      | 3 6 8 10 | 10.7
Spellcasting   | 1 2 |  2.3
Translocations | 2 |  2.4
Hexes          | 3 4 |  4.0
Earth Magic    | 1 |  1.0
Transmutations | 1 |  1.0
Unarmed Combat | 3 |  3.0
Long Blades    | 1 |  1.0
Armour         | 1 2 |  2.1
Shields        | 1 6 |  6.4
Summonings     | 1 |  1.4
Fighting       | |  2.1
Throwing       | |  2.1

Action                   |  1- 3 |  4- 6 |  7- 9 | 10-12 | 13-15 | 16-18 || total
-------------------------+-------+-------+-------+-------+-------+-------++-------
Melee: Dagger            |    37 |   104 |   385 |  1188 |  1636 |   353 ||  3703
       Unarmed           |       |       |       |       |   233 |    94 ||   327
       Punch             |       |       |       |       |    15 |     4 ||    19
       Rapier            |       |       |       |       |       |   102 ||   102
       Headbutt          |       |       |       |       |       |    22 ||    22
 Fire: Blowgun           |     4 |    10 |    16 |    17 |     1 |       ||    48
 Cast: Confusing Touch   |       |       |       |       |   136 |    49 ||   185
       Summon Ice Beast  |       |       |       |       |     3 |       ||     3
       Freeze            |       |       |       |       |       |     1 ||     1
Invok: Curse Item        |       |       |       |       |     4 |     1 ||     5
Evoke: Wand              |       |       |     9 |   121 |    21 |       ||   151
       Rod               |       |       |       |       |    20 |    24 ||    44
       Phial of floods   |       |       |       |       |     3 |     1 ||     4
  Use: Scroll            |     2 |     4 |     3 |    17 |    17 |    13 ||    56
       Potion            |       |     1 |     5 |     9 |       |     8 ||    23
 Stab: Sleeping          |     7 |     2 |    14 |    40 |    32 |    36 ||   131
       Distracted        |       |       |     2 |     4 |    13 |     6 ||    25
       Confused          |       |       |     2 |    34 |   103 |    28 ||   167
       Paralysed         |       |       |       |     8 |       |       ||     8
       Petrified         |       |       |       |       |     1 |       ||     1
  Eat: Chunk             |     4 |     2 |    19 |    25 |    39 |    15 ||   104
       Pizza             |       |       |       |     3 |     1 |       ||     4
Armor: Robe              |     6 |    13 |    26 |    54 |       |       ||    99
       Skin              |       |       |       |    25 |       |       ||    25
       Troll leather arm |       |       |       |    24 |   191 |    90 ||   305
Dodge: Dodged            |    15 |    59 |   178 |   798 |  1510 |   394 ||  2954
Block: Shield            |       |       |       |       |     3 |   248 ||   251
